 Dungeon Crawl Stone Soup version 0.31-a0-844-gdc52ec4e09 (webtiles) character file.

Game seed: 2322700579187466404

702 Kurtz the Cleaver (level 7, 0/46 HPs)
             Began as an Octopode Fighter on Sept 30, 2023.
             Slain by an ogre
             ... wielding a +0 giant spiked club
              (13 damage)
             ... on level 4 of the Dungeon.
             The game lasted 00:02:41 (3909 turns).

Kurtz the Cleaver (Octopode Fighter)                Turns: 3909, Time: 00:02:42

Health: 0/46       AC:  1    Str: 16    XL:     7   Next: 66%
Magic:  7/7        EV: 12    Int: 10    God:
Gold:   51         SH:  8    Dex: 13    Spells: 6/6 levels left

rFire   . . .        a - +0 war axe
rCold   . . .        u - +0 kite shield
rNeg    . . .        (helmet restricted)
rPois   .            (no amulet)
rElec   .            (no ring)
rCorr   .            (no ring)
SInv    .            (no ring)
Will    .....        (no ring)
Stlth   ++           (no ring)
HPRegen 0.27/turn    (no ring)
MPRegen 0.10/turn    (no ring)
                     (no ring)

%: no passive effects
@: no status effects
A: almost no armour, amphibious, 8 rings, camouflage 1, gelatinous body 1,
(nimble swimmer 1), tentacles
a: no special abilities


You were on level 4 of the Dungeon.
You visited 1 branch of the dungeon, and saw 4 of its levels.
You also visited: Sewer.

You collected 206 gold pieces.
You spent 155 gold pieces at shops.

Inventory:

Hand Weapons
 a - a +0 war axe (weapon)
Missiles
 e - 4 boomerangs
 p - 2 curare-tipped darts
 q - 20 poisoned darts (quivered)
Armour
 b - a +0 buckler
 u - a +0 kite shield (worn)
Scrolls
 f - a scroll of immolation {unknown}
 g - a scroll of fear {unknown}
 h - 2 scrolls of fog {unknown}
 m - 2 scrolls of vulnerability {unknown}
 n - a scroll of torment {unknown}
 o - a scroll of teleportation {unknown}
 t - a scroll of revelation
Potions
 c - 3 potions of might
 d - 2 potions of cancellation {unknown}
 i - 2 potions of curing {unknown}
 j - a potion of brilliance {unknown}
 k - a potion of magic {unknown}
 l - a potion of resistance {unknown}
 r - a potion of mutation {unknown}
 s - a potion of invisibility {unknown}


   Skills:
 - Level 3.0 Fighting
 * Level 8.4 Axes
 - Level 3.0 Dodging
 - Level 3.0 Shields


You had 6 spell levels left.
You didn't know any spells.
Your spell library contained the following spells:

 Spells                   Type           Power      Damage    Failure   Level
 Apportation              Tloc           0%         N/A       75%         1
 Sandblast                Erth           0%         2d4       75%         1
 Blink                    Tloc           0%         N/A       86%         2
 Ensorcelled Hibernation  Hex/Ice        0%         N/A       86%         2
 Jinxbite                 Hex            0%         N/A       86%         2
 Lesser Beckoning         Tloc           0%         N/A       86%         2
 Momentum Strike          Conj/Tloc      0%         3d8       86%         2
 Passwall                 Tmut/Erth      0%         N/A       86%         2
 Stone Arrow              Conj/Erth      0%         3d7       98%         3
 Anguish                  Hex/Necr       0%         N/A       100%        4
 Brom's Barrelling Bould  Conj/Erth      0%         2d3       100%        4
 Alistair's Intoxication  Tmut/Pois      0%         N/A       100%        5
 Lehudib's Crystal Spear  Conj/Erth      0%         10d2      100%        8
 Animate Armour           Summ/Erth      Unusable   N/A       N/A         4

Dungeon Overview and Level Annotations

Branches:
Dungeon (4/15)              Sewer (visited)
 Temple: D:4-7

Altars:

Shops:
D:4 [[?*


Innate Abilities, Weirdness & Mutations

You cannot wear most types of armour.
You are amphibious.
You can wear up to eight rings at the same time.
Your skin changes colour to match your surroundings (Stealth+).
Your rubbery body absorbs attacks. (AC +1, EV +1)
((You are camouflaged when in or above water. (Stealth+)))
You have tentacles for arms and can constrict up to eight enemies at once.


Message History

There are monsters nearby!
You barely miss the orc. You grab the orc.
You tentacle-slap the orc, but do no damage.
You squeeze the orc.
The orc is heavily wounded.
You constrict the orc. The orc closely misses you.
You hit the orc but do no damage. You squeeze the orc.
You kill the orc!
You completely miss the orc. The orc barely misses you.
You slash the orc!
You kill the orc!
Unknown command.
No target in view!
Unknown command.
No target in view!
No target in view!
There is an open door here.
Things that are here:
a +0 short sword; an orc corpse An ogre comes into view.
It is wielding a +0 giant spiked club.
An ogre is nearby!
The ogre barely misses you.
An ogre is nearby!
You hit the ogre.
The ogre is lightly wounded.
You slash the ogre!
The ogre is heavily wounded.
The ogre closely misses you.
You completely miss the ogre.
The ogre is heavily wounded.
The ogre hits you with a +0 giant spiked club!!
Ouch! That really hurt!
* * * LOW HITPOINT WARNING * * *
You are too injured to fight recklessly!
You are too injured to fight recklessly!
Unknown command.
You hit the ogre.
The ogre is severely wounded.
The ogre hits you with a +0 giant spiked club!
You die...

........... .##.#
...# ....##...# ###
..#...##### ..
....#.....# .#
.####.|..)#####.####
.. #.#....)#.#.#.#.#
..#.#....)#.#.#.#.#
#.##.#.#+#.#.#.#@#
....#.#.#.#.#.#.#O#
#..#.# #.#.#.#.#.#.#
##..#
#.#.#.#.#.#.#.# ##.#
#.#.#.#.#.#.#.#.#
... #.#.#.#.#
#.#.#.#.# # .#.#.#.#
#.#.#.# .# #.


You could see an ogre.

Vanquished Creatures
  5 kobold brigands (Sewer)
  A scorpion (D:3)
  Terence (D:3)
  An iguana (D:3)
  An orc wizard (D:4)
  7 adders
  A river rat (Sewer)
  2 dart slugs
  7 worms
  12 orcs
  4 bats
  12 endoplasms
  3 giant cockroaches
  11 goblins
  8 hobgoblins
  4 jackals (D:1)
  10 kobolds
  5 quokkas
  13 ball pythons
  7 frilled lizards
  11 rats
126 creatures vanquished.

Notes
Turn   | Place    | Note
-------+----------+-------------------------------------------
     0 | D:1      | Kurtz the Octopode Fighter began the quest for the Orb.
     0 | D:1      | Reached XP level 1. HP: 16/16 MP: 1/1
    77 | D:1      | Found a faded altar of an unknown god.
    80 | D:1      | Reached XP level 2. HP: 18/21 MP: 2/2
    85 | D:1      | Reached skill level 3 in Axes
   303 | D:1      | Reached XP level 3. HP: 24/26 MP: 3/3
  1198 | D:2      | Reached skill level 4 in Axes
  1453 | D:2      | Reached XP level 4. HP: 20/31 MP: 4/4
  1734 | D:3      | Noticed Terence
  1744 | D:3      | Killed Terence
  1758 | D:3      | Reached skill level 5 in Axes
  1856 | D:3      | Reached XP level 5. HP: 30/36 MP: 5/5
  2540 | D:3      | Reached skill level 6 in Axes
  2540 | D:3      | Reached XP level 6. HP: 35/42 MP: 6/6
  2824 | D:4      | Found a glowing drain.
  2840 | Sewer    | Entered a sewer
  2919 | Sewer    | Reached skill level 7 in Axes
  3217 | Sewer    | Reached XP level 7. HP: 39/46 MP: 7/7
  3366 | Sewer    | Reached skill level 8 in Axes
  3787 | D:4      | Found Byoneb's Antique Armour Emporium.
  3787 | D:4      | Found Laiwas's Armour Emporium.
  3833 | D:4      | Found Feoneann's Magic Scroll Emporium.
  3834 | D:4      | Found Xeoket's General Store.
  3841 | D:4      | Bought a scroll of revelation for 97 gold pieces
  3849 | D:4      | Bought a +0 kite shield for 58 gold pieces
  3909 | D:4      | Slain by an ogre

Illustrated notes

Levels and vault maps discovered:
D:1:      minmay_arrival_glassed_features, layout_basic,
          hellmonk_ecumenical_altar_dog_temple
D:2:      layout_loops_cross
D:3:      minmay_bubble_buster, layout_basic, uniq_terence
D:4:      layout_basic, kennysheep_mini, portal_sewer_entry_c,
          minmay_shop_grid_forest

Skill      XL: |  1  2  3  4  5  6  7 |
---------------+----------------------+-----
Axes           | 3 4 5 6 7 8 |  8.4
Fighting       | |  3.0
Dodging        | |  3.0
Shields        | |  3.0

Action                     |  1- 3 |  4- 6 |  7- 9 || total
---------------------------+-------+-------+-------++-------
  Melee: War axe           |    68 |   116 |    41 ||   225
         Constrict         |    16 |    30 |     7 ||    53
         Tentacles         |     7 |    24 |    13 ||    44
         Punch             |       |     1 |     1 ||     2
   Stab: Sleeping          |     7 |    13 |     5 ||    25
 Armour: Skin              |    27 |    39 |    12 ||    78
  Dodge: Dodged            |    43 |    66 |    17 ||   126
  Block: Buckler           |     8 |    19 |     2 ||    29
         Kite shield       |       |       |     2 ||     2

Table legend: (Time is in decaauts)
 A = Elapsed time spent in this place.
 B = Non-inter-level travel time spent in this place.
 C = Inter-level travel time spent in this place.
 D = Time resting spent in this place.
 E = Time spent auto-exploring this place.
 F = Levels seen in this place.
 G = Mean time per level.
                   A        B        C        D        E       F      G
               +--------+--------+--------+--------+--------+-----+--------+
         Total |   3969 |   3874 |     95 |    144 |   2938 |   5 |  793.8 |
       Dungeon |   3035 |   2940 |     95 |    144 |   2229 |   4 |  758.8 |
         Sewer |    934 |    934 |      0 |      0 |    709 |   1 |  934.0 |
               +--------+--------+--------+--------+--------+-----+--------+

Top non-repeatable levels by time:
     D:3: 1093 daAuts
     D:1: 955 daAuts
   Sewer: 934 daAuts
     D:2: 793 daAuts
     D:4: 192 daAuts
